 Dungeon Crawl Stone Soup version 0.20-a0-1127-g1289703 (webtiles) character file.

625 MTVSty1e the Skirmisher (level 7, 0/51 HPs)
             Began as a Merfolk Transmuter on May 18, 2017.
             Slain by an orc warrior
             ... wielding a +0 trident
              (20 damage)
             ... on level 4 of the Dungeon.
             The game lasted 00:13:43 (4625 turns).

MTVSty1e the Skirmisher (Merfolk Transmuter)        Turns: 4625, Time: 00:13:44

Health: 0/51       AC: 12    Str: 13    XL:     7   Next: 47%
Magic:  11/11      EV: 14    Int: 13    God:
Gold:   139        SH:  0    Dex: 15    Spells: 5/11 levels left

rFire    + . .     SeeInvis .   j - +3 dagger (protect)
rCold    x . .     Gourm    .   (no shield)
rNeg     . . .     Faith    .   b - +1 robe
rPois    .         Spirit   .   (no helmet)
rElec    .         Reflect  .   h - +0 cloak
rCorr    .         Harm     .   (no gloves)
MR       +....                  k - +0 pair of boots
Stlth    ++........             (no amulet)
Regen    0.2/turn               l - ring of fire
MPRegen  0.2/turn               (no ring)

@: appendage (expiring), protection aura
A: change form in water, swift swim, stealthy swim, horns 2, frail 1, magic
resistance 1, strong 1, wild magic 1
a: End Transformation


You were on level 4 of the Dungeon.
You were not hungry.
You had grown temporary horns.
You visited 1 branch of the dungeon, and saw 4 of its levels.

You collected 139 gold pieces.

Inventory:

Hand Weapons
 j - a +3 dagger of protection (weapon)
Armour
 b - a +1 robe (worn)
 g - a +0 large shield
 h - a +0 cloak (worn)
 k - a +0 pair of boots (worn)
Jewellery
 l - a ring of fire (left hand)
Wands
 o - a wand of flame (48/48)
Scrolls
 d - 4 scrolls of teleportation
 e - 2 scrolls of fear
 f - 3 scrolls of identify
 m - a scroll of enchant armour
 n - a scroll of remove curse
Potions
 i - a potion of agility {unknown}
 q - a potion of curing
 r - a potion of berserk rage {unknown}
Books
 c - a book of Changes

   Spells                             Type                      Level
   a - Beastly Appendage              Transmutation                1
   b - Sticks to Snakes               Transmutation                2
   c - Spider Form                    Transmutation/Poison         3
   d - Ice Form                       Ice/Transmutation            4
   e - Blade Hands                    Transmutation                5
Comestibles
 a - a meat ration


   Skills:
 + Level 5.9 Fighting
 + Level 2.5 Short Blades
 + Level 0.8 Armour
 + Level 3.9 Dodging
 + Level 2.0 Stealth
 - Level 0.4 Shields
 - Level 3.2 Unarmed Combat
 + Level 2.7 Spellcasting
 * Level 4.8 Transmutations


You had 5 spell levels left.
You knew the following spells:

 Your Spells              Type           Power        Failure   Level  Hunger
a - Beastly Appendage     Tmut           ###...       5%          1    #......
b - Blade Hands           Tmut           ###.......   73%         5    ######.


Dungeon Overview and Level Annotations

Branches:
Dungeon (4/15)
 Temple: D:4-7

Altars:
Makhleb
Qazlal

Annotations:
D:4 Eustachio


Innate Abilities, Weirdness & Mutations

You revert to your normal form in water.
You are very nimble and swift while swimming.
You are very stealthy in the water. (Stealth+)
You have a pair of horns on your head.
You are frail. (-10% HP)
You are resistant to hostile enchantments. (MR+)
Your muscles are strong. (Str +2)
Your spells are a little harder to cast, but a little more powerful.


Message History

You hit the orc warrior.
The orc warrior is lightly wounded.
The orc warrior hits you with a trident!
You hit the orc warrior but do no damage.
The orc warrior is lightly wounded.
The orc warrior closely misses you.
You hit the orc warrior.
The orc warrior is lightly wounded.
You closely miss the orc warrior.
The orc warrior is lightly wounded.
The orc warrior hits you with a trident!
You hit the orc warrior but do no damage.
You headbutt the orc warrior, but do no damage.
The orc warrior is lightly wounded.
Your transformation is almost over.
The orc warrior barely misses you.
You closely miss the orc warrior.
The orc warrior is lightly wounded.
The orc warrior hits you with a trident!!
You die...

#.# ##'## *,**,,,,,* #.# ##...##
*,**,,,,,* ###.# ##.....##
*,,,,,,,,* ##.#.#
##.......##**##..o.,*
###....###.........####.,.o.,*
.........'.........'.,.....#**
###....###.........###*...@#
####.#.# ##......o## ##.#.####
#......# ##....@## #.......###
#>###### ##...## #.........# #.#
##'## #.##.##,*,* #.# #.#
#.##..#,*,* #.#
#.########.###.#,#,* #.#
##.##...)...###o#.#,*
#.###########...#.#####.......#.#
#.................# #.........#
############....#<# #.###.#####


You could see an orc warrior.

Vanquished Creatures
  The ghost of PeterMcNeter the Ruffian, an amateur DrTm (D:4)
  A vampire bat (D:3)
  4 orc priests
  3 orc wizards
  Natasha (D:4)
  A worker ant (D:4)
  A gnoll (D:1)
  A howler monkey skeleton (D:4)
  5 adders
  2 oozes
  An adder skeleton (D:4)
  2 worms
  2 dart slugs
  2 leopard geckos
  20 orcs
  A giant cockroach (D:1)
  11 goblins
  8 hobgoblins
  5 jackals (D:2)
  14 bats
  6 frilled lizards
  7 kobolds
  9 rats
108 creatures vanquished.

Notes
Turn   | Place    | Note
-------+----------+-------------------------------------------
     0 | D:1      | MTVSty1e the Merfolk Transmuter began the quest for the Orb.
     0 | D:1      | Reached XP level 1. HP: 15/15 MP: 3/3
     2 | D:1      | Noticed a vampire
     2 | D:1      | Noticed a halfling
     4 | D:1      | Noticed a naga
     4 | D:1      | Noticed a troll
     6 | D:1      | Noticed a demonspawn
     6 | D:1      | Noticed a merfolk
     8 | D:1      | Noticed a demigod
     8 | D:1      | Noticed a minotaur
    10 | D:1      | Noticed a dwarf
    12 | D:1      | Noticed a vine stalker
    12 | D:1      | Noticed a tengu
    14 | D:1      | Noticed an elf
    16 | D:1      | Noticed a gargoyle
    16 | D:1      | Noticed a felid
    19 | D:1      | Noticed a formicid
    21 | D:1      | Noticed an octopode
    21 | D:1      | Noticed an ogre
    23 | D:1      | Noticed a human
    25 | D:1      | Noticed a centaur
    25 | D:1      | Noticed a draconian
    27 | D:1      | Noticed a ghoul
    27 | D:1      | Noticed a spriggan
   104 | D:1      | Reached skill level 2 in Fighting
   104 | D:1      | Reached XP level 2. HP: 9/23 MP: 3/5
   563 | D:1      | Reached skill level 3 in Fighting
   571 | D:1      | Reached XP level 3. HP: 10/29 MP: 6/6
  1228 | D:2      | Reached skill level 4 in Fighting
  1238 | D:2      | Reached XP level 4. HP: 24/37 MP: 5/7
  1531 | D:2      | Found a burning altar of Makhleb.
  2221 | D:3      | Found a stormy altar of Qazlal.
  2268 | D:3      | Reached skill level 5 in Fighting
  2277 | D:3      | Reached XP level 5. HP: 43/44 MP: 8/8
  2314 | D:3      | Learned a level 5 spell: Blade Hands
  2460 | D:3      | Gained mutation: Your spells are a little harder to cast, but a little more powerful. [potion of mutation]
  2460 | D:3      | Gained mutation: You are resistant to hostile enchantments. (MR+) [potion of mutation]
  2460 | D:3      | Gained mutation: You are frail. (-10% HP) [potion of mutation]
  2460 | D:3      | Gained mutation: Your muscles are strong. (Str +2) [potion of mutation]
  2548 | D:3      | Reached skill level 1 in Short Blades
  2548 | D:3      | Reached XP level 6. HP: 44/45 MP: 7/9
  3572 | D:4      | Reached skill level 1 in Stealth
  3852 | D:4      | Noticed Natasha
  3862 | D:4      | Killed Natasha
  3958 | D:4      | Reached XP level 7. HP: 39/51 MP: 8/10
  3987 | D:4      | Noticed PeterMcNeter's ghost (amateur DrTm)
  4133 | D:4      | Killed PeterMcNeter's ghost
  4371 | D:4      | Noticed Eustachio
  4625 | D:4      | Slain by an orc warrior

Vault maps used:
D:1:      kb_arrival_jail, minmay_tall_x
D:2:      bloody_makhleb, serial_bayou_lagoon_a, minmay_split_cup_small
D:3:      nicolae_qazlal_general_emergency, nrook_mini_backslash,
          roderic_batcave
D:4:      uniq_natasha, uniq_eustachio, uniq_grinder

Skill      XL: |  1  2  3  4  5  6  7 |
---------------+----------------------+-----
Fighting       | 2 3 4 5 |  5.9
Dodging        | 3 |  3.9
Transmutations | 3 4 |  4.8
Short Blades   | 1 2 |  2.5
Stealth        | 1 2 |  2.0
Armour         | |  0.8
Shields        | |  0.4
Unarmed Combat | |  3.2
Spellcasting   | |  2.7

Action                   |  1- 3 |  4- 6 |  7- 9 || total
-------------------------+-------+-------+-------++-------
Melee: Unarmed           |    12 |       |       ||    12
       Headbutt          |     6 |    22 |     8 ||    36
       Dagger            |    98 |   351 |    56 ||   505
       Punch             |     2 |     5 |     1 ||     8
       Tailslap          |       |     1 |       ||     1
 Cast: Beastly Appendage |     4 |    11 |     2 ||    17
  Use: Scroll            |       |     6 |     4 ||    10
       Potion            |       |     4 |       ||     4
 Stab: Sleeping          |       |     1 |     1 ||     2
  Eat: Bread ration      |     1 |       |       ||     1
       Fruit             |       |     5 |       ||     5
       Chunk             |       |     2 |       ||     2
       Meat ration       |       |       |     1 ||     1
Armor: Robe              |    53 |   157 |    10 ||   220
Dodge: Dodged            |    88 |   244 |    22 ||   354
Block: Large shield      |       |    30 |       ||    30
